 Dungeon Crawl Stone Soup version 0.18.1-2-ga659475 (webtiles) character file.

5971 imoen the Cleaver (level 10, 0/86 HPs)
             Began as a Hill Orc Monk on May 8, 2016.
             Was a Priest of the Shining One.
             Splashed by a jelly's acid (5 damage)
             ... on level 8 of the Dungeon.
             The game lasted 00:39:45 (14294 turns).

imoen the Cleaver (Hill Orc Monk)                  Turns: 14294, Time: 00:39:45

Health: 0/86       AC: -3    Str: 18    XL:     10   Next: 84%
Magic:  0/15       EV:  5    Int: 10    God:    the Shining One [***...]
Gold:   311        SH:  0    Dex: 13    Spells: 0 memorised, 9 levels left

rFire  . . .     SeeInvis .     y - +1 hand axe
rCold  + . .     Gourm    .     p - +0 plate armour
rNeg   + . .     Faith    .     (no shield)
rPois  .         Spirit   +     (helmet restricted)
rElec  .         Dismiss  .     (no cloak)
rCorr  .         Reflect  .     f - +0 pair of gloves
SustAt .         Harm     .     (no boots)
MR     .....                    B - amulet of guardian spirit
Stlth  ..........               (no ring)
                                v - ring of protection from cold

@: corroded, glowing, not resistant to hostile enchantments, extremely
unstealthy
A: horns 1, rugged brown scales 1, slimy green scales 1, camouflage 1, deformed
body, frail 1, low mp 1, screaming 1
a: Divine Shield, Renounce Religion


You were on level 8 of the Dungeon.
You worshipped the Shining One.
The Shining One was most pleased with you.
You were not hungry.

You visited 2 branches of the dungeon, and saw 11 of its levels.

You collected 311 gold pieces.

Inventory:

Hand Weapons
 j - a +0 trident
   (You took it off an orc warrior on level 6 of the Dungeon)
 t - a +3 quarterstaff of chaos
   (You took it off Crazy Yiuf on level 5 of the Dungeon)
 w - a +1 whip of electrocution
   (You took it off Pikel on level 7 of the Dungeon)
 y - a +1 hand axe (weapon)
   (You took it off an orc on level 3 of the Dungeon)
 F - a +0 dagger
   (You took it off a spriggan on level 9 of the Dungeon)
Missiles
 q - 6 tomahawks (quivered)
 E - 78 arrows
Armour
 e - a +0 helmet
   (You found it on level 6 of the Dungeon)
 f - a +0 pair of gloves (worn)
   (You found it on level 2 of the Dungeon)
 p - a +0 plate armour (worn)
   (You took it off a gnoll shaman on level 5 of the Dungeon)
 s - a +0 cloak of poison resistance
   (You took it off Crazy Yiuf on level 5 of the Dungeon)
 H - a +0 robe
   (You took it off a spriggan on level 9 of the Dungeon)
Jewellery
 a - an uncursed ring of ice
   (You found it on level 3 of the Dungeon)
 i - an uncursed amulet of magic regeneration
   (You found it on level 1 of the Dungeon)
 v - a ring of protection from cold (left hand)
   (You found it on level 2 of the Dungeon)
 B - an amulet of guardian spirit (around neck)
   (You found it on level 4 of the Dungeon)
Scrolls
 c - 2 scrolls of random uselessness {unknown}
 d - a scroll of fog
 h - 2 scrolls of blinking
 l - a scroll of silence {unknown}
 m - a scroll of immolation
 x - a scroll of magic mapping
 z - 4 scrolls of identify
 C - 2 scrolls of remove curse
 J - 3 scrolls of fear
Potions
 g - a potion of heal wounds {unknown}
 k - a potion of curing
 n - a potion of degeneration {unknown}
 G - 3 potions of haste {unknown}
 I - a potion of lignification {unknown}
Books
 r - an Akashic Record
   (You found it on level 3 of the Dungeon)
 D - a book of Dreams
   (You found it on level 5 of the Dungeon)
Comestibles
 b - 6 bread rations
 A - a fruit
 K - a meat ration


   Skills:
 + Level 9.8 Fighting
 - Level 14.4 Axes
 - Level 2.4 Dodging
 - Level 1.6 Stealth
 - Level 4.3 Unarmed Combat
 - Level 10.0 Invocations


You had 9 spell levels left.
You didn't know any spells.

Dungeon Overview and Level Annotations

Branches:
Dungeon (10/15)            Temple (1/1) D:6
   Lair: D:8-11         Orc: D:9-12

Altars:
Ashenzari
Cheibriados
Dithmenos
Elyvilon
Gozag
Kikubaaqudgha
Makhleb
Nemelex Xobeh
Okawaru
Pakellas
Qazlal
Sif Muna
Trog
Vehumet
Xom
Yredelemnul
Zin
The Shining One

Shops:
D:9 :

Annotations:
D:6 hill giant
D:8 Psyche
D:10 exclusion: obsidian statue


Innate Abilities, Weirdness & Mutations

You have a pair of small horns on your head.
You are partially covered in rugged brown scales (AC +1, +3% HP).
You are partially covered in slimy green scales (AC +2).
Your skin changes colour to match your surroundings (Stealth).
Armour fits poorly on your strangely shaped body.
You are frail (-10% HP).
Your magical capacity is low (-10% MP).
You occasionally shout uncontrollably at your foes.


Message History

You hit the yak but do no damage. x2; You hit the yak.
The yak gores you!
* * * LOW HITPOINT WARNING * * *
The yak gores you!
* * * LOW HITPOINT WARNING * * *
You take 17 damage, and have 42/84 hp.
MASSIVE DAMAGE!!
You now have 8/15 mp.
Unknown command.
You hit the yak but do no damage. You hit the yak. You slash the yak!
The yak gores you.
* * * LOW HITPOINT WARNING * * *
The yak gores you but does no damage. x2
You take 1 damage, and have 41/84 hp.
Unknown command.
You hit the yak.
Your plate armour prevents you from hitting the yak.
You hit the yak but do no damage. The yak gores you but does no damage.
Unknown command.
You hit the yak but do no damage. You hit the yak.
You hit the yak but do no damage. The yak gores you!
* * * LOW HITPOINT WARNING * * *
The yak gores you!
* * * LOW HITPOINT WARNING * * *
You take 14 damage, and have 27/84 hp.
You now have 6/15 mp.
Unknown command.
You hit the yak. x3; The yak gores you.
* * * LOW HITPOINT WARNING * * *
You take 1 damage, and have 26/84 hp.
Unknown command.
You hit the yak but do no damage. x3; The yak gores you.
* * * LOW HITPOINT WARNING * * *
The yak gores you!
* * * LOW HITPOINT WARNING * * *
You take 11 damage, and have 15/84 hp.
You now have 3/15 mp.
Unknown command.
The yak gores you.
* * * LOW HITPOINT WARNING * * *
You take 5 damage, and have 11/84 hp.
Unknown command.
Aim: a yak (moderately wounded, haloed)
You throw a tomahawk. The tomahawk barely misses the yak.
You hit the yak. You slash the yak!
You kill the yak!
Your life force feels restored.
Unknown command.
Unknown command.
Unknown command.
There is a stone staircase leading up here.
You climb upwards.
Level annotation: Psyche
There is a stone staircase leading down here.
Eat which item? (? for menu, Esc to quit)
Okay, then.
You are a level 10 Hill Orc Monk.
You are 84% of the way to level 11.
Play time: 00:39:10 (14268 turns) Unknown command.
Drink which item? (? for menu, Esc to quit)
You feel extremely strange.
Your skin functions as natural camouflage.
A pair of horns grows on your head!
Your +0 helmet falls away!
A jelly comes into view.
A jelly is nearby!
Unknown command.
The jelly quivers.
You are too injured to fight recklessly!
You hit the jelly.
Your hands burn!
* * * LOW HITPOINT WARNING * * *
Your punch misses the jelly. The jelly hits you but does no damage.
You take 3 damage, and have 23/86 hp.
You now have 9/15 mp.
You hit the jelly.
Your hands burn!
* * * LOW HITPOINT WARNING * * *
You take 2 damage, and have 21/86 hp.
You hit the jelly but do no damage. The acid corrodes you!
Your hands burn!
* * * LOW HITPOINT WARNING * * *
Your headbutt misses the jelly. The jelly barely misses you.
You take 3 damage, and have 18/86 hp.
You now have 8/15 mp.
Unknown command.
You hit the jelly but do no damage. The acid corrodes you!
Your hands burn!
* * * LOW HITPOINT WARNING * * *
You headbutt the jelly!
You take 2 damage, and have 16/86 hp.
Unknown command.
You hit the jelly.
Your hands burn!
* * * LOW HITPOINT WARNING * * *
The jelly hits you.
* * * LOW HITPOINT WARNING * * *
You are splashed with acid!
The acid burns!
* * * LOW HITPOINT WARNING * * *
You take 11 damage, and have 5/86 hp.
You now have 3/15 mp.
Unknown command.
Unknown command.
Unknown command.
Things that are here:
an animal skin; a human skeleton The jelly hits you.
* * * LOW HITPOINT WARNING * * *
You are splashed with acid!
The acid corrodes you!
The acid burns!
You die...

.....................
######....(.........
#......##....%.##
####.#y.###........##
###......###..........#
##...#.#### #.......?...
#...<.[## #......)...#
#.........<# #..........#
..........@#####>.........#
.#.........J[............##
#.........#####..........#
#.........# #..........#
#########.. #..........#
###. ...........#
##.......... ##........
#......


You could see a jelly.

Vanquished Creatures
  Pikel (D:7)
  The ghost of BenSoosneb the Covert, a novice SpEn of Vehumet (D:6)
  Joseph (D:9)
  A troll (D:9)
  Prince Ribbit (D:9)
  A spriggan (D:9)
  A hungry ghost (D:7)
  Eustachio (D:4)
  A yak (D:9)
  Duvessa (D:7)
  An orc warrior (D:6)
  A phantom (D:9)
  A black bear (D:7)
  3 sky beasts
  A slave (D:8)
  2 ice beasts
  4 ogres
  2 centaurs
  A big kobold (D:7)
  Blork the orc (D:5)
  5 giant frogs
  A gnoll sergeant (D:4)
  Dowan (D:7)
  6 scorpions
  3 killer bees
  A howler monkey (D:9)
  5 wights (D:9)
  2 crimson imps (D:6)
  2 quasits
  A centaur zombie (D:5)
  2 giant frog zombies
  5 hounds
  A gnoll shaman (D:5)
  2 orc priests
  2 jellies (D:5)
  Crazy Yiuf (D:5)
  4 iguanas
  6 worker ants
  A hound zombie (D:6)
  2 hound skeletons
  A worker ant zombie (D:8)
  10 gnolls
  13 adders
  2 shadow imps (D:6)
  2 oozes
  6 worms
  2 dart slugs
  2 giant geckos (D:1)
  15 orcs
  9 bats
  8 giant cockroaches
  9 goblins
  7 hobgoblins
  11 jackals
  2 quokkas
  A ball python (D:4)
  A giant gecko skeleton (D:4)
  5 giant newts
  8 kobolds
  2 quokka zombies (D:7)
  7 rats
  4 rat zombies (D:3)
207 creatures vanquished.

Vanquished Creatures (others)
  2 slaves (D:8)
  A centaur (D:8)
  A quokka (D:5)
4 creatures vanquished.

Grand Total: 211 creatures vanquished

Notes
Turn   | Place    | Note
--------------------------------------------------------------
     0 | D:1      | imoen the Hill Orc Monk began the quest for the Orb.
     0 | D:1      | Reached XP level 1. HP: 19/19 MP: 1/1
   113 | D:1      | Reached skill level 4 in Fighting
   158 | D:1      | Reached XP level 2. HP: 27/27 MP: 2/2
   367 | D:1      | Reached XP level 3. HP: 18/35 MP: 3/3
   515 | D:1      | Reached skill level 5 in Fighting
  1157 | D:2      | Found a burning altar of Makhleb.
  1175 | D:2      | Reached XP level 4. HP: 34/42 MP: 4/4
  1314 | D:2      | Reached skill level 6 in Fighting
  1524 | D:2      | Found an iron altar of Okawaru.
  1759 | D:2      | Reached XP level 5. HP: 25/51 MP: 5/5
  1782 | D:2      | HP: 12/51 [giant cockroach (1)]
  1787 | D:2      | HP: 11/51 [adder (3)]
  2487 | D:3      | Reached skill level 7 in Fighting
  2500 | D:3      | Found a stormy altar of Qazlal.
  2568 | D:3      | Found an ancient bone altar of Kikubaaqudgha.
  2690 | D:4      | Reached skill level 2 in Axes
  2944 | D:4      | HP: 5/52 [orc priest/nerve-wracking pain (13)]
  2953 | D:4      | Reached skill level 3 in Axes
  2953 | D:4      | Reached XP level 6. HP: 5/60 MP: 6/6
  3422 | D:4      | Reached skill level 4 in Axes
  3456 | D:4      | Noticed Eustachio
  3507 | D:4      | HP: 14/60 [Eustachio/rapier (5)]
  3524 | D:4      | HP: 15/60 [iron imp[Eustachio] (5)]
  3526 | D:4      | Killed Eustachio
  3526 | D:4      | Reached skill level 5 in Axes
  3792 | D:4      | Reached skill level 6 in Axes
  3792 | D:4      | Reached XP level 7. HP: 32/66 MP: 7/7
  4201 | D:5      | Entered Level 5 of the Dungeon
  4541 | D:5      | Reached skill level 7 in Axes
  4914 | D:4      | Reached skill level 8 in Axes
  5441 | D:5      | Reached skill level 9 in Axes
  5514 | D:5      | Reached XP level 8. HP: 51/73 MP: 8/8
  5952 | D:5      | Reached skill level 10 in Axes
  5956 | D:5      | Gained mutation: You are partially covered in rugged brown scales (AC +1, +3% HP). [mutagenic meat]
  5957 | D:5      | Gained mutation: Armour fits poorly on your strangely shaped body. [mutagenic meat]
  5958 | D:5      | Gained mutation: You occasionally shout uncontrollably at your foes. [mutagenic meat]
  6161 | D:5      | Found a white marble altar of Elyvilon.
  6182 | D:5      | Noticed Blork the orc
  6191 | D:5      | Killed Blork the orc
  6541 | D:5      | Reached skill level 11 in Axes
  6594 | D:5      | Noticed a boulder beetle
  6651 | D:5      | Noticed Crazy Yiuf
  6958 | D:6      | Noticed BenSoosneb's ghost (novice SpEn)
  6959 | D:6      | Gained mutation: You are frail (-10% HP). [potion of mutation]
  6959 | D:6      | Gained mutation: Your magical capacity is low (-10% MP). [potion of mutation]
  6959 | D:6      | Gained mutation: You are partially covered in slimy green scales (AC +2). [potion of mutation]
  7013 | D:6      | Killed BenSoosneb's ghost
  7013 | D:6      | Reached skill level 12 in Axes
  7013 | D:6      | Reached XP level 9. HP: 73/73 MP: 8/8
  7323 | D:6      | Found a staircase to the Ecumenical Temple.
  7362 | D:6      | Found a shadowy altar of Dithmenos.
  7488 | D:6      | Reached skill level 13 in Axes
  8057 | D:6      | Found a radiant altar of Vehumet.
  8059 | D:6      | Found a deep blue altar of Sif Muna.
  8059 | D:6      | Found a basalt altar of Yredelemnul.
  8059 | D:6      | Found a snail-covered altar of Cheibriados.
  8061 | D:6      | Found an opulent altar of Gozag.
  8063 | D:6      | Found a sparkling altar of Nemelex Xobeh.
  8140 | D:7      | Found a burning altar of Makhleb.
  8250 | D:7      | Noticed Duvessa
  8250 | D:7      | Noticed Dowan
  8276 | D:7      | Killed Duvessa
  8281 | D:7      | Killed Dowan
  8281 | D:7      | Reached skill level 14 in Axes
  8398 | Temple   | Entered the Ecumenical Temple
  8484 | Temple   | Became a worshipper of the Shining One
  8484 | Temple   | Reached * piety under the Shining One
  8484 | Temple   | Reached ** piety under the Shining One
  8571 | D:7      | HP: 15/73 [ice beast (4)]
  8604 | D:7      | Paralysed by fainting for 8 turns
  8606 | D:7      | HP: 16/73 [ice beast (3)]
  8611 | D:7      | HP: 12/73 [ice beast (1)]
  8640 | D:7      | HP: 13/73 [ice beast (1)]
  8666 | D:7      | HP: 12/73 [ice beast (2)]
  8711 | D:6      | HP: 16/73 [crimson imp (2)]
  8721 | D:6      | Reached skill level 1 in Invocations
  9165 | D:6      | Reached skill level 2 in Invocations
  9301 | D:5      | Killed Crazy Yiuf
  9321 | D:5      | Reached skill level 3 in Invocations
  9746 | D:4      | Reached skill level 4 in Invocations
 10515 | D:4      | Reached skill level 5 in Invocations
 11367 | D:7      | Noticed a hill giant
 11389 | D:7      | HP: 10/73 [hill giant/giant club (18)]
 11775 | D:7      | Reached skill level 6 in Invocations
 11815 | D:7      | Found a glowing silver altar of Zin.
 12033 | D:7      | Reached XP level 10. HP: 79/79 MP: 13/13
 12085 | D:8      | Reached skill level 7 in Invocations
 12087 | D:8      | Noticed Pikel
 12329 | D:7      | HP: 19/79 [Pikel/whip of electrocution (14)]
 12351 | D:7      | Killed Pikel
 12351 | D:7      | Reached skill level 8 in Invocations
 12649 | D:8      | Reached skill level 9 in Invocations
 12652 | D:8      | Noticed Psyche
 12829 | D:9      | Noticed Prince Ribbit
 12869 | D:9      | HP: 17/79 [Prince Ribbit (8)]
 12879 | D:9      | HP: 10/79 [scorpion (3)]
 12901 | D:9      | HP: 12/79 [phantom (2)]
 12926 | D:9      | HP: 15/79 [phantom (1)]
 12928 | D:9      | Reached skill level 10 in Invocations
 13291 | D:9      | Killed Prince Ribbit
 13311 | D:9      | Reached skill level 8 in Fighting
 13544 | D:9      | Found Qyiclexy's Book Shop.
 13545 | D:9      | Reached *** piety under the Shining One
 13765 | D:10     | Entered Level 10 of the Dungeon
 13765 | D:10     | Noticed an obsidian statue
 13819 | D:9      | Reached skill level 9 in Fighting
 13944 | D:9      | Noticed Joseph
 13963 | D:9      | Killed Joseph
 14212 | D:9      | HP: 15/84 [yak (10)]
 14218 | D:9      | HP: 11/84 [yak (5)]
 14268 | D:8      | Gained mutation: Your skin changes colour to match your surroundings (Stealth). [potion of mutation]
 14268 | D:8      | Gained mutation: You have a pair of small horns on your head. [potion of mutation]
 14280 | D:8      | HP: 21/86 [acid (2)]
 14283 | D:8      | HP: 5/86 [acid (7)]
 14294 | D:8      | HP: 5/86 [jelly (2)]
 14294 | D:8      | Splashed by a jelly's acid

Skill      XL: |  1  2  3  4  5  6  7  8  9 10 |
---------------+-------------------------------+-----
Fighting       | 4 5 6 7 9 |  9.8
Axes           | 3 6 9 12 14 | 14.4
Invocations    | 6 10 | 10.0
Dodging        | |  2.4
Stealth        | |  1.6
Unarmed Combat | |  4.3

Action                   |  1- 3 |  4- 6 |  7- 9 | 10-12 || total
-------------------------+-------+-------+-------+-------++-------
Melee: Unarmed           |    91 |       |       |       ||    91
       Flail             |    23 |   130 |       |       ||   153
       Punch             |     1 |     4 |    10 |     5 ||    20
       Hand axe          |       |   166 |   680 |   306 ||  1152
       Headbutt          |       |       |       |     1 ||     1
Throw: Tomahawk          |       |       |     7 |     1 ||     8
  Use: Scroll            |       |     2 |     7 |       ||     9
       Potion            |       |     1 |     8 |     2 ||    11
  Eat: Chunk             |       |     9 |    27 |     1 ||    37
       Fruit             |       |       |     3 |       ||     3
       Royal jelly       |       |       |     2 |       ||     2
       Meat ration       |       |       |       |     1 ||     1
       Beef jerky        |       |       |       |     1 ||     1
Armor: Chain mail        |    88 |   266 |   202 |       ||   556
       Plate armour      |       |       |   132 |   111 ||   243
Dodge: Dodged            |    49 |   154 |   177 |    56 ||   436

Vault maps used:
D:1:      grunt_arrival_crossed_arrows
D:2:      lemuel_crystal_altar, first_bread, okawaru_altar_gauntlet_db
D:3:      lemuel_zombie_altar_kikubaaqudgha, overflow_temple_1_default
D:4:      lightli_minifort, uniq_eustachio
D:5:      elyvilon_altar_4, uniq_blork_the_orc, uniq_crazy_yiuf_cottage
D:6:      nicolae_dithmenos_through_a_glass_darkly, minitemple,
          minmay_temple_entry_from_below_a, portal_sewer_entry_e, st_stairs_10
D:7:      kennysheep_little_box, basic_altar, uniq_duvessa
D:8:      uniq_pikel, uniq_psyche
D:9:      serial_shops, nicolae_shop_trees, the_bakery,
          nicolae_ru_path_of_blood, uniq_joseph, uniq_prince_ribbit1
D:10:     basic_altar, minmay_statue_bubble
Temple:   nicolae_temple_figure_zero

Table legend:
 A = Turns spent in this place as a percentage of turns spent in the entire game.
 B = Non-inter-level travel turns spent in this place as a percentage of non-inter-level travel turns spent in the entire game.
 C = Inter-level travel turns spent in this place as a percentage of turns spent in this place.
 D = Turns resting spent in this place as a percentage of non-inter-level travel turns spent in this place.
 E = Turns spent auto-exploring this place as a percentage of non-inter-level travel turns spent in this place.
 F = Non-inter-level travel turns spent in this place divided by the number of levels of this place that you've seen.
                   A       B       C       D       E      F
               +-------+-------+-------+-------+-------+----------------------
         Total | 100.0 | 100.0 |   0.7 |   0.6 |   5.4 | 444.6
       Dungeon |  99.5 |  99.5 |   0.7 |   0.6 |   5.3 | 486.6
        Temple |   0.5 |   0.5 |   3.8 |   0.0 |  24.0 |  25.0
               +-------+-------+-------+-------+-------+----------------------

Table legend:
 A = Kills in this place as a percentage of kills in entire the game.
 B = Kills by you in this place as a percentage of kills by you in the entire game.
 C = Kills by friends in this place as a percentage of kills by friends in the entire game.
 D = Other kills in this place as a percentage of other kills in the entire game.
 E = Experience gained in this place as a percentage of experience gained in the entire game.
 F = Experience gained in this place divided by the number of levels of this place that you have seen.
                   A       B       C       D       E      F
               +-------+-------+-------+-------+-------+----------------------
         Total | 100.0 | 100.0 |  -nan |  -nan | 100.0 | 775.5
       Dungeon | 100.0 | 100.0 |  -nan |  -nan | 100.0 | 853.0
               +-------+-------+-------+-------+-------+----------------------
